 Dungeon Crawl Stone Soup version 0.29-a0-892-g2c4c91d9db (webtiles) character file.

Game seed: 1480973198243613989

131 kevlar127 the Ruffian (level 4, 0/43 (45) HPs)
             Began as a Troll Berserker on July 22, 2022.
             Was a Believer of Trog.
             Slain by an orc
             ... wielding a +0 flail
              (6 damage)
             ... on level 4 of the Dungeon.
             The game lasted 00:02:29 (2525 turns).

kevlar127 the Ruffian (Troll Berserker)             Turns: 2525, Time: 00:02:30

HP:   0/43 (45)     AC:  4    Str: 27    XL:     4   Next: 91%
MP:   3/3           EV: 10    Int:  3    God:    Trog [**....]
Gold: 167           SH:  0    Dex:  9    Spells: 3/3 levels left

rFire   . . .      SeeInvis .     - Unarmed
rCold   . . .      Faith    .   (no shield)
rNeg    . . .      Spirit   .   a - +0 animal skin
rPois   .          Reflect  .   (helmet restricted)
rElec   .          Harm     .   (no cloak)
rCorr   .          Rampage  .   (gloves unavailable)
Will    .....                   (boots unavailable)
Stlth   +.........              (no amulet)
HPRegen 0.94/turn               (no ring)
MPRegen 0.08/turn               (no ring)

@: lethally poisoned (0 -> -1), lightly drained
A: large, unfitting armour, claws 3, regeneration 1, shaggy fur 1, tough skin 1
a: Renounce Religion, Berserk, Trog's Hand


You were on level 4 of the Dungeon.
You worshipped Trog.
Trog was pleased with you.
You visited 1 branch of the dungeon, and saw 4 of its levels.

You collected 167 gold pieces.

Inventory:

Missiles
 d - 10 stones (quivered)
Armour
 a - a +0 animal skin (worn)
Wands
 l - a wand of flame (16)
Scrolls
 f - a scroll of identify {unknown}
 g - a scroll of magic mapping {unknown}
 i - a scroll of teleportation {unknown}
 k - 2 scrolls of amnesia {unknown}
Potions
 b - a potion of might {unknown}
 c - a potion of ambrosia {unknown}
 e - a potion of heal wounds {unknown}
 h - a potion of mutation {unknown}
 j - a potion of lignification {unknown}
 m - a potion of degeneration {unknown}
 n - a potion of haste {unknown}


   Skills:
 + Level 3.5 Fighting
 - Level 3.0 Dodging
 + Level 4.2 Unarmed Combat


You had 3 spell levels left.
You didn't know any spells.
Your spell library was empty.

Dungeon Overview and Level Annotations

Branches:
Dungeon (4/15)             Temple (0/1) D:4

Altars:
Elyvilon
Gozag
Wu Jian
Yredelemnul
The Shining One

Shops:
D:1 :


Innate Abilities, Weirdness & Mutations

You are too large for most types of armour.
You have claws for hands.
Your natural rate of healing is unusually fast.
You are covered in fur. (AC +1)
You have tough skin. (AC +1)


Message History

A hobgoblin comes into view.
The hobgoblin shouts!
The orc hits you with a +0 trident.
You barely miss the orc. The orc hits you with a +0 flail.
The orc hits you with a +0 hand axe. The orc hits you but does no damage.
The orc completely misses you.
You barely miss the orc.
An adder comes into view.
The adder moves out of view.
You claw the orc!
You kill the orc!
Trog accepts your kill. The orc barely misses you.
The kobold brigand throws a poisoned dart.
The poisoned dart hits you!
You are poisoned.
The orc hits you but does no damage. The orc completely misses you.
The orc hits you with a +0 hand axe.
You scratch the orc.
The orc is moderately wounded.
You feel very sick. The quokka barely misses you. The orc barely misses you.
The orc closely misses you. x2; The orc hits you with a +0 hand axe.
You barely miss the orc.
The orc is moderately wounded.
You feel sick.
The quokka bites you but does no damage.
The orc hits you but does no damage. The orc barely misses you.
The orc hits you with a +0 trident. The orc hits you with a +0 hand axe!
* * * LOW HITPOINT WARNING * * *
The quokka bites you but does no damage.
The quokka attacks as you move away! The quokka barely misses you.
You feel sick.
The orc barely misses you. x2; The orc closely misses you. x2
The hobgoblin hits you.
* * * LOW HITPOINT WARNING * * *
You barely miss the goblin.
You feel sick. The orc barely misses you.
The goblin hits you with a +1 dagger of draining.
* * * LOW HITPOINT WARNING * * *
You feel drained. The orc hits you with a +0 flail.
You die...

..... ...
#....#####...
.##..........#
.....>......#
#..........###
.##.............
......)oo...#
#....or@g..#
###..Kog.$......
###S.......#..
#..##...#....
...# .#.#.....
.... . .#..#..
..... . .. #...
..... .. >.. ..


You could see a kobold brigand, an adder, 4 orcs, a quokka, a hobgoblin and a
goblin.

Vanquished Creatures
  An orc priest (D:3)
  An orc wizard (D:3)
  An adder (D:3)
  A worm (D:3)
  2 dart slugs
  5 orcs
  5 endoplasms
  A giant cockroach (D:3)
  8 goblins
  A hobgoblin (D:3)
  6 jackals
  3 kobolds (D:1)
  3 quokkas
  2 ball pythons
  4 bats
  4 frilled lizards
  7 rats
55 creatures vanquished.

Notes
Turn   | Place    | Note
-------+----------+-------------------------------------------
     0 | D:1      | kevlar127 the Troll Berserker began the quest for the Orb.
     0 | D:1      | Reached XP level 1. HP: 22/22 MP: 0/0
    87 | D:1      | Found Seybli's Book Shop.
   418 | D:1      | Reached XP level 2. HP: 29/29 MP: 1/1
   839 | D:2      | Reached ** piety under Trog
   947 | D:2      | Found an opulent altar of Gozag.
  1276 | D:2      | Reached XP level 3. HP: 36/36 MP: 2/2
  1876 | D:3      | Reached XP level 4. HP: 38/45 MP: 3/3
  1929 | D:3      | Reached skill level 4 in Unarmed Combat
  2067 | D:3      | Found a white marble altar of Elyvilon.
  2067 | D:3      | Found an ornate altar of the Wu Jian Council.
  2068 | D:3      | Found a glowing golden altar of the Shining One.
  2450 | D:3      | Found a basalt altar of Yredelemnul.
  2516 | D:4      | Noticed a kobold brigand
  2516 | D:4      | Found a staircase to the Ecumenical Temple.
  2525 | D:4      | Slain by an orc

Illustrated notes

Levels and vault maps discovered:
D:1:      dpeg_arrival_oval, layout_basic, serial_shops, nicolae_shop_stone
D:2:      layout_basic, basic_altar
D:3:      layout_basic, nicolae_overflow_quartered_altars,
          chequers_serial_rivers_small_3
D:4:      layout_rooms, minmay_temple_entry_mini_moons

Skill      XL: |  1  2  3  4 |
---------------+-------------+-----
Fighting       | 3 |  3.5
Dodging        | 3 |  3.0
Unarmed Combat | 4 |  4.2

Action                   |  1- 3 |  4- 6 || total
-------------------------+-------+-------++-------
Melee: Unarmed           |    95 |    75 ||   170
       Punch             |     2 |     4 ||     6
Armor: Animal skin       |    31 |    27 ||    58
Dodge: Dodged            |    49 |    54 ||   103

Table legend: (Time is in decaauts)
 A = Elapsed time spent in this place.
 B = Non-inter-level travel time spent in this place.
 C = Inter-level travel time spent in this place.
 D = Time resting spent in this place.
 E = Time spent auto-exploring this place.
 F = Levels seen in this place.
 G = Mean time per level.
                   A        B        C        D        E       F      G
               +--------+--------+--------+--------+--------+-----+--------+
         Total |   2515 |   2481 |     34 |      0 |   2152 |   4 |  628.8 |
       Dungeon |   2515 |   2481 |     34 |      0 |   2152 |   4 |  628.8 |
               +--------+--------+--------+--------+--------+-----+--------+

Top non-repeatable levels by time:
     D:2: 1126 daAuts
     D:1: 722 daAuts
     D:3: 658 daAuts
     D:4: 8 daAuts
